 Dungeon Crawl Stone Soup version 0.26-a0-606-g3c8f2f65f7 (webtiles) character file.

Game seed: 11538351656364215847

99 ANON1729 the Insei (level 5, 0/30 HPs)
             Began as a Kobold Transmuter on Sept 2, 2020.
             Slain by a gnoll
             ... wielding a +0 spear
              (5 damage)
             ... on level 3 of the Dungeon.
             The game lasted 00:04:45 (2989 turns).

ANON1729 the Insei (Kobold Transmuter)              Turns: 2989, Time: 00:04:45

Health: 0/30       AC:  3    Str:  7    XL:     5   Next: 2%
Magic:  9/9        EV: 16    Int: 15    God:
Gold:   122        SH:  0    Dex: 16    Spells: 3/9 levels left

rFire    . . .     SeeInvis .     - Unarmed
rCold    . . .     Faith    .   (shield restricted)
rNeg     . . .     Spirit   .   a - +0 robe
rPois    .         Reflect  .   (helmet currently unavailable)
rElec    .         Harm     .   o - +0 cloak
rCorr    .                      (no gloves)
MR       .....                  (boots currently unavailable)
Stlth    ++........             (no amulet)
HPRegen  0.10/turn              (no ring)
MPRegen  0.11/turn              (no ring)

@: appendages (expiring)
A: small, horns 2, talons 2, nightstalker 3
a: End Transformation


You were on level 3 of the Dungeon.
You had grown temporary horns.
You had grown temporary talons.
You visited 1 branch of the dungeon, and saw 3 of its levels.

You collected 122 gold pieces.

Inventory:

Missiles
 f - a throwing net (quivered)
Armour
 a - a +0 robe (worn)
 j - a +0 pair of boots (melded)
 o - a +0 cloak (worn)
Jewellery
 e - an uncursed ring of see invisible {unknown}
 n - a +4 ring of slaying {unknown}
Scrolls
 b - a scroll of enchant weapon {unknown}
 c - 9 scrolls of identify {unknown}
 d - 2 scrolls of teleportation {unknown}
 i - a scroll of remove curse {unknown}
 k - 2 scrolls of blinking {unknown}
 l - a scroll of enchant armour {unknown}
Potions
 g - a potion of flight {unknown}
 h - a potion of curing {unknown}
 m - a potion of lignification {unknown}


   Skills:
 + Level 2.1 Fighting
 + Level 3.1 Dodging
 + Level 3.5 Unarmed Combat
 + Level 2.7 Spellcasting
 * Level 3.1 Transmutations


You had 3 spell levels left.
You knew the following spells:

 Your Spells              Type           Power        Failure   Level
a - Beastly Appendage     Tmut           ##....       5%          1
b - Wereblood             Tmut           ##......     9%          2
c - Spider Form           Tmut/Pois      #.........   32%         3

Your spell library contained the following spells:

 Spells                   Type           Power        Failure   Level
 Ice Form                 Ice/Tmut       #.......     71%         4
 Blade Hands              Tmut           ##........   83%         5


Dungeon Overview and Level Annotations

Branches:
Dungeon (3/15)

Altars:
Makhleb
Okawaru
Sif Muna
Zin


Innate Abilities, Weirdness & Mutations

You are small and have problems with some larger weapons.
You are completely attuned to the shadows.
You have a pair of horns on your head.
You have razor-sharp toenails.


Message History

A gnoll comes into view. It is wielding a +0 mace.
You struggle against the net.
The gnoll barely misses you. x2
You rip the net and break free!
The gnoll hits you but does no damage. The gnoll closely misses you.
The gnoll throws a throwing net.
The throwing net hits you.
You become entangled in the net!
You see here a throwing net.
You struggle against the net.
The kobold hits you but does no damage.
The gnoll hits you from afar with a +0 spear.
You struggle against the net.
The gnoll misses you. The kobold barely misses you.
The gnoll hits you from afar with a +0 spear!
* * * LOW HITPOINT WARNING * * *
You struggle against the net.
The gnoll hits you but does no damage. The gnoll closely misses you.
The kobold hits you with a +0 short sword.
* * * LOW HITPOINT WARNING * * *
You shred the net and break free! The gnoll barely misses you.
The gnoll hits you from afar with a +0 spear.
You die...

.........
..........
..........
..........
...gg.....
....Kg....
....@.....
..........
###..#####
#..# #..#
##..###
#......
#......
#.......


You could see 3 gnolls and a kobold.

Vanquished Creatures
  2 adders (D:2)
  An ooze (D:2)
  A worm (D:2)
  9 orcs
  8 bats
  3 giant cockroaches
  8 goblins
  9 hobgoblins
  2 frilled lizards
  7 kobolds
  10 rats
60 creatures vanquished.

Notes
Turn   | Place    | Note
-------+----------+-------------------------------------------
     0 | D:1      | ANON1729 the Kobold Transmuter began the quest for the Orb.
     0 | D:1      | Reached XP level 1. HP: 12/12 MP: 3/3
   373 | D:1      | Reached XP level 2. HP: 16/16 MP: 3/5
   703 | D:1      | Reached XP level 3. HP: 20/20 MP: 6/6
  1009 | D:2      | HP: 1/21 [hobgoblin/stone (1)]
  1309 | D:2      | Found an iron altar of Okawaru.
  1392 | D:2      | Reached XP level 4. HP: 19/26 MP: 7/7
  1919 | D:2      | Found a burning altar of Makhleb.
  1921 | D:2      | Found a glowing silver altar of Zin.
  1922 | D:2      | Noticed a cacodemon
  2033 | D:2      | Found a shimmering blue altar of Sif Muna.
  2583 | D:3      | Learned a level 2 spell: Wereblood
  2587 | D:3      | Learned a level 3 spell: Spider Form
  2921 | D:3      | Reached XP level 5. HP: 25/30 MP: 7/9
  2989 | D:3      | Slain by a gnoll

Illustrated notes

Levels and vault maps discovered:
D:1:      minmay_arrival_open_corners, layout_basic, chequers_mini_garden
D:2:      layout_rooms, grunt_temple_overflow_order_and_chaos_2,
          lemuel_blue_sif_altar, grunt_decor_one_mirror,
          okawaru_altar_gauntlet_db
D:3:      layout_basic

Skill      XL: |  1  2  3  4 |
---------------+-------------+-----
Dodging        | 3 |  3.1
Transmutations | 3 |  3.1
Fighting       | 2 |  2.1
Unarmed Combat | |  3.5
Spellcasting   | |  2.7

Action                   |  1- 3 |  4- 6 || total
-------------------------+-------+-------++-------
Melee: Unarmed           |   129 |   113 ||   242
       Kick              |     8 |    16 ||    24
       Headbutt          |     3 |     7 ||    10
       Punch             |     1 |     1 ||     2
 Cast: Beastly Appendage |     7 |    12 ||    19
 Stab: Sleeping          |    13 |     4 ||    17
Armor: Robe              |    20 |    14 ||    34
Dodge: Dodged            |   102 |   109 ||   211

Table legend: (Time is in decaauts)
 A = Elapsed time spent in this place.
 B = Non-inter-level travel time spent in this place.
 C = Inter-level travel time spent in this place.
 D = Time resting spent in this place.
 E = Time spent auto-exploring this place.
 F = Levels seen in this place.
 G = Mean time per level.
                   A        B        C        D        E       F      G
               +--------+--------+--------+--------+--------+-----+--------+
         Total |   2979 |   2900 |     79 |   1287 |   1060 |   3 |  993.0 |
       Dungeon |   2979 |   2900 |     79 |   1287 |   1060 |   3 |  993.0 |
               +--------+--------+--------+--------+--------+-----+--------+

Top non-repeatable levels by time:
     D:2: 1318 daAuts
     D:1: 1208 daAuts
     D:3: 452 daAuts
